 Dungeon Crawl Stone Soup version 0.21.1-1-g345015f (webtiles) character file.

66 RudyRod the Chiller (level 4, -4/36 HPs)
             Began as a Naga Ice Elementalist on June 7, 2018.
             Slain by Grinder (6 damage)
             ... while paralysed by Grinder
             ... on level 3 of the Dungeon.
             The game lasted 00:09:39 (2434 turns).

RudyRod the Chiller (Naga Ice Elementalist)         Turns: 2434, Time: 00:09:39

Health: -4/36      AC:  5    Str: 10    XL:     4   Next: 15%
Magic:  1/7        EV:  1    Int: 17    God:
Gold:   165        SH:  0    Dex: 11    Spells: 7/8 levels left

rFire    + + .     SeeInvis +   (no weapon)
rCold    x . .     Gourm    .   (no shield)
rNeg     . . .     Faith    .   j - +0 fire dragon scales
rPois    +         Spirit   .   (no helmet)
rElec    .         Reflect  .   (no cloak)
rCorr    .         Harm     .   (no gloves)
MR       .....                  (no barding)
Stlth    +.........             (no amulet)
HPRegen  0.12/turn              (no ring)
MPRegen  0.10/turn              (no ring)

@: paralysed, very slightly contaminated, hasted, very slow
A: large, see invisible, deformed body, poison resistance, slowness 2, slow
metabolism 1, spit poison 1, AC +1
a: Spit Poison


You were on level 3 of the Dungeon.
You were not hungry.

You visited 1 branch of the dungeon, and saw 3 of its levels.

You collected 165 gold pieces.

Inventory:

Missiles
 p - 63 arrows
 u - 5 javelins (quivered)
Armour
 a - a +0 robe
 j - +0 fire dragon scales (worn)
 x - +0 storm dragon scales
Jewellery
 g - an uncursed ring of fire
 r - a cursed -3 ring of evasion {unknown}
 w - an uncursed ring of protection from cold {unknown}
Scrolls
 e - a scroll of amnesia {unknown}
 f - 2 scrolls of remove curse
 i - a scroll of fear {unknown}
 k - 3 scrolls of teleportation
 m - a scroll of fog {unknown}
 q - 3 scrolls of identify {unknown}
 s - a scroll of blinking {unknown}
 t - a scroll of enchant armour {unknown}
Potions
 d - a potion of might {unknown}
 l - a potion of heal wounds {unknown}
 n - a potion of curing
 o - a potion of agility {unknown}
Books
 b - a book of Frost

   Spells                             Type                      Level
   a - Freeze                         Ice                          1
   b - Throw Frost                    Conjuration/Ice              2
   c - Ozocubu's Armour               Charms/Ice                   3
   d - Throw Icicle                   Conjuration/Ice              4
   e - Summon Ice Beast               Ice/Summoning                4
 h - a book of Cantrips

   Spells                             Type                      Level
   a - Confusing Touch                Hexes                        1
   b - Animate Skeleton               Necromancy                   1
   c - Summon Small Mammal            Summoning                    1
   d - Apportation                    Translocation                1
Comestibles
 c - 8 rations
 z - a chunk of flesh


   Skills:
 + Level 0.1 Fighting
 * Level 1.0 Armour
 + Level 1.7 Dodging
 + Level 3.2 Stealth
 + Level 2.6 Spellcasting
   Level 1.0 Conjurations
 + Level 3.9 Ice Magic


You had 7 spell levels left.
You knew the following spells:

 Your Spells              Type           Power        Failure   Level  Hunger
a - Freeze                Ice            ###.         36%         1    #......


Dungeon Overview and Level Annotations

Branches:
Dungeon (3/15)

Altars:
Uskayaw

Annotations:
D:3 Grinder


Innate Abilities, Weirdness & Mutations

You cannot wear boots.
Your serpentine skin is tough. (AC +1)
You have supernaturally acute eyesight. (SInv)
Armour fits poorly on your strangely shaped body.
Your system is resistant to poisons. (rPois)
You cover ground very slowly.
You have a slow metabolism.
You can spit poison.


Message History

Casting: Freeze
Confirm with . or Enter, or press ? or * to list all spells.
Aiming: Freeze
Press: ? - help, Shift-Dir - straight line, f/p - Grinder
Aim: Grinder (heavily wounded, poisoned)
You miscast Freeze.
You are very lightly contaminated with residual magic.
You feel a strange surge of energy!
You closely miss Grinder.
Grinder is heavily wounded.
You have got your breath back.
Grinder gestures at you.
You suddenly lose the ability to move!
Grinder hits you.
You writhe in agony.
Grinder hits you.
You writhe in agony.
Grinder looks more healthy.
Grinder hits you. Grinder hits you!
* * * LOW HITPOINT WARNING * * *
You writhe in agony.
You die...

.
#######+##.
.........#..
#'####..
#... ###
.....#
#....##.#
.....#
#.......#
.....#
#....##.#
.....# #..
#@# .....# #
#5### %....#
#...# <....#
#....##...#
.....#
#....##...#
.....#
#....##.###
.....#
#....##.#
.....#
#....##.#
######
#....##.#


You could see Grinder.

Vanquished Creatures
  3 adders
  A worm (D:2)
  A dart slug (D:1)
  4 giant cockroaches (D:1)
  3 goblins
  4 hobgoblins
  2 quokkas
  2 ball pythons (D:2)
  5 bats
  3 frilled lizards (D:1)
  4 kobolds
  2 rats
34 creatures vanquished.

Notes
Turn   | Place    | Note
-------+----------+-------------------------------------------
     0 | D:1      | RudyRod the Naga Ice Elementalist began the quest for the Orb.
     0 | D:1      | Reached XP level 1. HP: 15/15 MP: 3/3
   297 | D:1      | Reached XP level 2. HP: 15/22 MP: 1/5
  1560 | D:2      | Reached XP level 3. HP: 21/28 MP: 1/6
  2070 | D:2      | Found a hide-covered altar of Uskayaw.
  2381 | D:3      | Reached skill level 1 in Armour
  2381 | D:3      | Reached XP level 4. HP: 36/36 MP: 4/7
  2403 | D:3      | Noticed Grinder
  2412 | D:3      | Paralysed by Grinder for 5 turns
  2430 | D:3      | Paralysed by Grinder for 7 turns
  2434 | D:3      | Slain by Grinder

Skill      XL: |  1  2  3 |
---------------+----------+-----
Armour         | 1 |  1.0
Fighting       | |  0.1
Dodging        | |  1.7
Stealth        | |  3.2
Spellcasting   | |  2.6
Conjurations   | |  1.0
Ice Magic      | |  3.9

Action                   |  1- 3 |  4- 6 || total
-------------------------+-------+-------++-------
Melee: Unarmed           |     7 |     1 ||     8
 Cast: Freeze            |    38 |     8 ||    46
 Abil: Spit Poison       |    28 |     4 ||    32
  Use: Scroll            |     2 |       ||     2
       Potion            |       |     2 ||     2
  Eat: Chunk             |     5 |     1 ||     6
Armor: Robe              |     4 |       ||     4
       Fire dragon scale |     9 |     2 ||    11
Dodge: Dodged            |    16 |       ||    16
